SNL (28 & UNDER)
SALEM SILVER SOULS @ NEW HAMPSHIRE FISHER CATS
10/05/2024
 
TOP OF THE 1ST
Salem Silver Souls batting - Pitching for New Hampshire Fisher Cats : RHP Joe Utter
Pitching: RHP Joe Utter
Batting: LHB Raúl Cordero 0-0: Ball
1-0: Called Strike
1-1: Foul Ball, location: 2F
1-2: Foul Ball, location: 2F
1-2: Strikes out swinging
Batting: SHB Todd Smith 0-0: Ball
1-0: Fly out, F7 (Flyball, 78S)
Batting: RHB Lonson Seals 0-0: Ball
1-0: Swinging Strike
1-1: Swinging Strike
1-2: Ball
2-2: Foul Ball, location: 2F
2-2: TRIPLE (Line Drive, 8RXD)
Batting: LHB Bill Smith 0-0: Called Strike
0-1: Ball
1-1: Ball
2-1: Ball
3-1: Called Strike
3-2: SINGLE (Line Drive, 4MD)
Lonson Seals scores
Batting: LHB Jeff Doss 0-0: Ball
1-0: Ground out 4-3 (Groundball, 4)
Top of the 1st over - 1 run(s), 2 hit(s), 0 error(s), 1 left on base; Salem 1 - New Hampshire 0
BOTTOM OF THE 1ST
New Hampshire Fisher Cats batting - Pitching for Salem Silver Souls : RHP Andy Hickey
Pitching: RHP Andy Hickey
Batting: RHB Franklin Lawrence 0-0: Ball
1-0: Called Strike
1-1: Swinging Strike
1-2: Foul Ball, location: 2F
1-2: Strikes out swinging
Batting: LHB Gustavo Lozano 0-0: Called Strike
0-1: Foul Ball, location: 2F
0-2: Strikes out looking
Batting: RHB Billy Campbell 0-0: Called Strike
0-1: Fly out, F7 (Flyball, 7M)
Bottom of the 1st over - 0 run(s), 0 hit(s), 0 error(s), 0 left on base; Salem 1 - New Hampshire 0
TOP OF THE 2ND
Salem Silver Souls batting - Pitching for New Hampshire Fisher Cats : RHP Joe Utter
Batting: SHB Francis Shaffer 0-0: Ball
1-0: Fly out, F8 (Flyball, 8LD)
Batting: RHB Juan López 0-0: Ball
1-0: Foul Ball, location: 2F
1-1: Foul Ball, location: 2F
1-2: DOUBLE (Line Drive, 8LD)
Batting: RHB Alejandro Martínez 0-0: Called Strike
0-1: Ball
1-1: Hit by Pitch
Batting: RHB Anthony Wells 0-0: Ball
1-0: Ball
2-0: Ball
3-0: Called Strike
3-1: Fly out, F8 (Flyball, 8RM)
Batting: LHB Raúl Cordero 0-0: Swinging Strike
0-1: Ball
1-1: Swinging Strike
1-2: Ball
2-2: Foul Ball, location: 2F
2-2: Strikes out swinging
Top of the 2nd over - 0 run(s), 1 hit(s), 0 error(s), 2 left on base; Salem 1 - New Hampshire 0
BOTTOM OF THE 2ND
New Hampshire Fisher Cats batting - Pitching for Salem Silver Souls : RHP Andy Hickey
Batting: RHB Chris Parker 0-0: Ball
1-0: Called Strike
1-1: Ground out 5-3 (Groundball, 5S)
Batting: LHB Don Ramey 0-0: Ball
1-0: Ball
2-0: SINGLE (Line Drive, 7S)
Batting: RHB Júlio Trinidad 0-0: Ball
1-0: Called Strike
1-1: SINGLE (Line Drive, 6)
Don Ramey to second
Batting: RHB Benjamin Lawson 0-0: Fielders Choice at 2nd, 4-6 (Groundball, 4)
Don Ramey to third
Batting: RHB Tim Robertson 0-0: Ball
Wild Pitch!
Don Ramey scores
Benjamin Lawson to second
1-0: Called Strike
1-1: SINGLE (Groundball, 34D)
Benjamin Lawson to third
Runner from 3rd tries for Home, SAFE, no throw or cutoff
Batting: RHB Santiago Vallés 0-0: Ball
Wild Pitch!
Tim Robertson to second
1-0: Ball
2-0: Called Strike
2-1: Ball
3-1: Fly out, F8 (Flyball, 89S)
Bottom of the 2nd over - 2 run(s), 3 hit(s), 0 error(s), 1 left on base; Salem 1 - New Hampshire 2
TOP OF THE 3RD
Salem Silver Souls batting - Pitching for New Hampshire Fisher Cats : RHP Joe Utter
Batting: SHB Todd Smith 0-0: Foul Ball, location: 2F
0-1: Ball
1-1: Ball
2-1: Ball
3-1: Called Strike
3-2: Fly out, F5 (Popup, 6)
Batting: RHB Lonson Seals 0-0: Foul Ball, location: 2F
0-1: Swinging Strike
0-2: Foul Ball, location: 2F
0-2: Foul Ball, location: 2F
0-2: Strikes out swinging
Batting: LHB Bill Smith 0-0: Called Strike
0-1: Ball
1-1: Foul Ball, location: 2F
1-2: DOUBLE (Line Drive, 9LM)
Batting: LHB Jeff Doss 0-0: Called Strike
0-1: Ball
1-1: TRIPLE (Line Drive, 9LS)
Bill Smith scores
Batting: SHB Francis Shaffer 0-0: Ball
1-0: Called Strike
1-1: Called Strike
1-2: Ball
2-2: Strikes out swinging
Top of the 3rd over - 1 run(s), 2 hit(s), 0 error(s), 1 left on base; Salem 2 - New Hampshire 2
BOTTOM OF THE 3RD
New Hampshire Fisher Cats batting - Pitching for Salem Silver Souls : RHP Andy Hickey
Batting: RHB Franklin Lawrence 0-0: Ball
1-0: Called Strike
1-1: Foul Ball, location: 2F
1-2: Ground out 4-3 (Groundball, 34)
Batting: LHB Gustavo Lozano 0-0: Ball
1-0: Called Strike
1-1: Swinging Strike
1-2: Ball
2-2: Ball
3-2: Base on Balls
Batting: RHB Billy Campbell 0-0: Ball
1-0: Called Strike
1-1: Foul Ball, location: 2F
1-2: Foul Ball, location: 2F
1-2: Ball
2-2: Foul Ball, location: 2F
2-2: Fly out, F7 (Popup, 6D)
Batting: RHB Chris Parker 0-0: Called Strike
0-1: Swinging Strike
0-2: Ball
1-2: Ground out 6-3 (Groundball, 6)
Bottom of the 3rd over - 0 run(s), 0 hit(s), 0 error(s), 1 left on base; Salem 2 - New Hampshire 2
TOP OF THE 4TH
Salem Silver Souls batting - Pitching for New Hampshire Fisher Cats : RHP Joe Utter
Batting: RHB Juan López 0-0: Ball
1-0: Ball
2-0: Ball
3-0: Base on Balls
Batting: RHB Alejandro Martínez 0-0: Ball
1-0: Called Strike
1-1: Fly out, F8 (Flyball, 8RS)
Batting: RHB Anthony Wells 0-0: Called Strike
0-1: Swinging Strike
0-2: Ball
1-2: Foul Ball, location: 2F
1-2: Foul Ball, location: 2F
1-2: Ball
2-2: SINGLE (Flyball, 9LS)
Juan López to second
Batting: LHB Raúl Cordero 0-0: Called Strike
0-1: Foul Ball, location: 2F
0-2: Strikes out looking
Batting: SHB Todd Smith 0-0: Ball
1-0: Ball
2-0: Called Strike
2-1: Foul Ball, location: 2F
2-2: Ball
3-2: Base on Balls
Juan López to third
Anthony Wells to second
Batting: RHB Lonson Seals 0-0: Ball
1-0: Fly out, F7 (Flyball, 7LM)
Top of the 4th over - 0 run(s), 1 hit(s), 0 error(s), 3 left on base; Salem 2 - New Hampshire 2
BOTTOM OF THE 4TH
New Hampshire Fisher Cats batting - Pitching for Salem Silver Souls : RHP Andy Hickey
Batting: LHB Don Ramey 0-0: Ball
1-0: Ball
2-0: Ball
3-0: Base on Balls
Batting: RHB Júlio Trinidad 0-0: Ball
1-0: Ball
2-0: 2-RUN HOME RUN (Flyball, 7LD), Distance : 385 ft
Batting: RHB Benjamin Lawson 0-0: Ball
1-0: Ball
2-0: Bunted foul
2-1: Called Strike
2-2: Strikes out swinging
Batting: RHB Tim Robertson 0-0: Called Strike
0-1: Foul Ball, location: 2F
0-2: Ball
1-2: Foul Ball, location: 2F
1-2: DOUBLE (Line Drive, 9LS)
Batting: RHB Santiago Vallés 0-0: Fly out, F8 (Flyball, 8LD)
Runner from 2nd tags up, SAFE at 3rd, no throw
Batting: RHB Franklin Lawrence 0-0: Foul Ball, location: 2F
0-1: Foul Ball, location: 2F
0-2: Ball
1-2: Ball
2-2: Foul Ball, location: 2F
2-2: Ball
3-2: SINGLE (Groundball, 25) (infield hit)
Tim Robertson scores
Batting: LHB Gustavo Lozano 0-0: Ball
Franklin Lawrence steals 2nd base
1-0: Ball
2-0: Ball
3-0: Base on Balls
Batting: RHB Billy Campbell 0-0: Called Strike
0-1: Ground out 5-3 (Groundball, 56S)
Bottom of the 4th over - 3 run(s), 3 hit(s), 0 error(s), 2 left on base; Salem 2 - New Hampshire 5
TOP OF THE 5TH
Salem Silver Souls batting - Pitching for New Hampshire Fisher Cats : RHP Joe Utter
Pitching: LHP Steve Paredes
Batting: LHB Bill Smith 0-0: Called Strike
0-1: Ball
1-1: Ball
2-1: Foul Ball, location: 2F
2-2: Ball
3-2: Base on Balls
Batting: LHB Jeff Doss 0-0: Ball
1-0: Foul Ball, location: 2F
1-1: Ball
2-1: Called Strike
2-2: Ball
3-2: Foul Ball, location: 2F
3-2: SINGLE (Groundball, 34D)
Bill Smith to second
Runner from 2nd tries for 3rd, SAFE, no throw or cutoff
Batting: SHB Francis Shaffer 0-0: SINGLE (Flyball, 9LS)
Bill Smith scores
Jeff Doss to second
Runner from 2nd tries for 3rd, SAFE, no throw or cutoff
Batting: RHB Juan López 0-0: Ball
1-0: Swinging Strike
1-1: Ground out 6-3 (Groundball, 6MS)
Jeff Doss scores
Francis Shaffer to second
Batting: RHB Alejandro Martínez 0-0: Foul Ball, location: 2F
0-1: Swinging Strike
0-2: Fly out, F8 (Flyball, 8RM)
Pitching: RHP Jeff Thompson
Batting: RHB Anthony Wells 0-0: Ball
1-0: Ground out 6-3 (Groundball, 6)
Top of the 5th over - 2 run(s), 2 hit(s), 0 error(s), 1 left on base; Salem 4 - New Hampshire 5
BOTTOM OF THE 5TH
New Hampshire Fisher Cats batting - Pitching for Salem Silver Souls : RHP Andy Hickey
Batting: RHB Chris Parker 0-0: Ball
1-0: Ball
2-0: SINGLE (Line Drive, 8LS)
Pitching: LHP Rob Greene
Batting: LHB Don Ramey 0-0: Foul Ball, location: 2F
0-1: Ball
1-1: Foul Ball, location: 2F
1-2: Ball
2-2: Foul Ball, location: 2F
2-2: Foul Ball, location: 2F
2-2: SINGLE (Line Drive, 34D)
Chris Parker to second
Batting: RHB Júlio Trinidad 0-0: Ball
1-0: Foul Ball, location: 2F
1-1: Ball
2-1: Foul Ball, location: 2F
2-2: Foul Ball, location: 2F
2-2: Fly out, F4 (Popup, 4M)
Batting: RHB Benjamin Lawson 0-0: Foul Ball, location: 2F
0-1: Swinging Strike
0-2: Foul Ball, location: 2F
0-2: Ball
1-2: Foul Ball, location: 2F
1-2: Ball
2-2: Foul Ball, location: 2F
2-2: Strikes out swinging
Batting: RHB Tim Robertson 0-0: Ground out 4-3 (Groundball, 4)
Bottom of the 5th over - 0 run(s), 2 hit(s), 0 error(s), 2 left on base; Salem 4 - New Hampshire 5
TOP OF THE 6TH
Salem Silver Souls batting - Pitching for New Hampshire Fisher Cats : RHP Jeff Thompson
Batting: LHB Raúl Cordero 0-0: Foul Ball, location: 2F
0-1: Ball
1-1: Foul Ball, location: 2F
1-2: Ball
2-2: Strikes out looking
Batting: SHB Todd Smith 0-0: Ball
1-0: Ball
2-0: Foul Ball, location: 2F
2-1: Swinging Strike
2-2: Foul Ball, location: 2F
2-2: SINGLE (Groundball, 6MD)
Batting: RHB Lonson Seals 0-0: Called Strike
0-1: DOUBLE (Groundball, 5L)
Todd Smith to third
Runner from 3rd tries for Home, SAFE, no throw or cutoff
Batting: LHB Bill Smith 0-0: Swinging Strike
0-1: Ball
1-1: Swinging Strike
1-2: Ball
2-2: Foul Ball, location: 2F
2-2: Strikes out swinging
Pitching: RHP Brandon Mitchell
Batting: LHB Jeff Doss 0-0: Ground out 4-3 (Groundball, 4M)
Top of the 6th over - 1 run(s), 2 hit(s), 0 error(s), 1 left on base; Salem 5 - New Hampshire 5
BOTTOM OF THE 6TH
New Hampshire Fisher Cats batting - Pitching for Salem Silver Souls : LHP Rob Greene
Batting: RHB Santiago Vallés 0-0: Foul Ball, location: 2F
0-1: Called Strike
0-2: SINGLE (Groundball, 6M)
Batting: RHB Franklin Lawrence 0-0: Ball
1-0: DOUBLE (Flyball, 8LXD)
Santiago Vallés to third
Batting: LHB Gustavo Lozano 0-0: Ball
1-0: Foul Ball, location: 2F
1-1: SINGLE (Groundball, 34D)
Santiago Vallés scores
Franklin Lawrence to third
Runner from 3rd tries for Home, throw and OUT!
Gustavo Lozano to second
Batting: RHB Billy Campbell 0-0: Called Strike
0-1: Called Strike
0-2: Ball
1-2: Foul Ball, location: 2F
1-2: Ball
2-2: Strikes out swinging
Batting: RHB Chris Parker 0-0: Ball
1-0: Foul Ball, location: 2F
1-1: 2-RUN HOME RUN (Flyball, 7D), Distance : 455 ft
Pitching: RHP Luis Fernández
Batting: LHB Don Ramey 0-0: Ball
1-0: Ball
2-0: Ball
3-0: Called Strike
3-1: Base on Balls
Batting: RHB Júlio Trinidad 0-0: Ball
1-0: Called Strike
Don Ramey steals 2nd base
1-1: SINGLE (Line Drive, 6D)
Don Ramey to third
Batting: RHB Benjamin Lawson 0-0: Fly out, F6 (Popup, 6D)
Bottom of the 6th over - 3 run(s), 5 hit(s), 0 error(s), 2 left on base; Salem 5 - New Hampshire 8
TOP OF THE 7TH
Salem Silver Souls batting - Pitching for New Hampshire Fisher Cats : RHP Brandon Mitchell
Batting: SHB Francis Shaffer 0-0: Called Strike
0-1: Swinging Strike
0-2: Foul Ball, location: 2F
0-2: Ball
1-2: Ball
2-2: Strikes out swinging
Batting: RHB Juan López 0-0: Ground out 5-3 (Groundball, 56)
Batting: RHB Alejandro Martínez 0-0: Called Strike
0-1: Ball
1-1: Swinging Strike
1-2: Ball
2-2: Strikes out looking
Top of the 7th over - 0 run(s), 0 hit(s), 0 error(s), 0 left on base; Salem 5 - New Hampshire 8
BOTTOM OF THE 7TH
New Hampshire Fisher Cats batting - Pitching for Salem Silver Souls : RHP Luis Fernández
Batting: RHB Tim Robertson 0-0: Ball
1-0: Foul Ball, location: 2F
1-1: Foul Ball, location: 2F
1-2: SINGLE (Groundball, 6MD)
Batting: RHB Santiago Vallés 0-0: Grounds into double play, 3-6-1 (Groundball, 3)
Batting: RHB Franklin Lawrence 0-0: Called Strike
0-1: Called Strike
0-2: Fly out, F9 (Line Drive, 9M)
Bottom of the 7th over - 0 run(s), 1 hit(s), 0 error(s), 0 left on base; Salem 5 - New Hampshire 8
TOP OF THE 8TH
Salem Silver Souls batting - Pitching for New Hampshire Fisher Cats : RHP Brandon Mitchell
Batting: RHB Anthony Wells 0-0: Foul Ball, location: 2F
0-1: Ball
1-1: Fly out, F6 (Popup, 4MS)
Batting: LHB Raúl Cordero 0-0: Called Strike
0-1: Called Strike
0-2: Ball
1-2: Ground out 6-3 (Groundball, 6M)
Batting: SHB Todd Smith 0-0: Ball
1-0: Ball
2-0: Ball
3-0: Foul Ball, location: 2F
3-1: Called Strike
3-2: Ground out 4-3 (Groundball, 34)
Top of the 8th over - 0 run(s), 0 hit(s), 0 error(s), 0 left on base; Salem 5 - New Hampshire 8
BOTTOM OF THE 8TH
New Hampshire Fisher Cats batting - Pitching for Salem Silver Souls : RHP Luis Fernández
Batting: LHB Gustavo Lozano 0-0: Called Strike
0-1: SINGLE (Groundball, 4MD)
Batting: RHB Billy Campbell 0-0: Swinging Strike
0-1: Foul Ball, location: 2F
0-2: 2-RUN HOME RUN (Flyball, 78XD), Distance : 420 ft
Batting: RHB Chris Parker 0-0: Ball
1-0: Called Strike
1-1: Ball
2-1: Fly out, F7 (Flyball, 7D)
Batting: LHB Don Ramey 0-0: Ball
1-0: Called Strike
1-1: SOLO HOME RUN (Flyball, 9LD), Distance : 357 ft
Pitching: RHP Dave Woods
Batting: RHB Júlio Trinidad 0-0: Called Strike
0-1: Foul Ball, location: 2F
0-2: SINGLE (Groundball, 34D)
Batting: RHB Benjamin Lawson 0-0: Swinging Strike
0-1: Ball
1-1: SINGLE (Line Drive, 78M)
Júlio Trinidad to second
Batting: RHB Tim Robertson 0-0: Swinging Strike
0-1: Called Strike
0-2: Ball
1-2: Ball
2-2: Strikes out looking
Batting: RHB Santiago Vallés 0-0: Ball
1-0: 3-RUN HOME RUN (Line Drive, 9D), Distance : 405 ft
Batting: RHB Franklin Lawrence 0-0: Swinging Strike
0-1: Swinging Strike
0-2: Strikes out swinging
Bottom of the 8th over - 6 run(s), 6 hit(s), 0 error(s), 0 left on base; Salem 5 - New Hampshire 14
TOP OF THE 9TH
Salem Silver Souls batting - Pitching for New Hampshire Fisher Cats : RHP Brandon Mitchell
Batting: RHB Lonson Seals 0-0: Foul Ball, location: 2F
0-1: Ball
1-1: Foul Ball, location: 2F
1-2: Ball
2-2: Foul Ball, location: 2F
2-2: Strikes out swinging
Pitching: RHP Troy Bannon
Batting: LHB Bill Smith 0-0: Ball
1-0: Ball
2-0: Called Strike
2-1: Foul Ball, location: 2F
2-2: Fly out, F3 (Line Drive, 34)
Batting: LHB Jeff Doss 0-0: Ball
1-0: Ball
2-0: Ball
3-0: Foul Ball, location: 2F
3-1: SOLO HOME RUN (Line Drive, 8RXD) (Inside the Park)
Batting: SHB Francis Shaffer 0-0: Called Strike
0-1: Foul Ball, location: 2F
0-2: Foul Ball, location: 2F
0-2: Ball
1-2: Strikes out swinging
Top of the 9th over - 1 run(s), 1 hit(s), 0 error(s), 0 left on base; Salem 6 - New Hampshire 14
This league is powered by Out of the Park Baseball, the baseball management simulation game for PC, Mac and Linux
Saturday, April 9th, 2016 - OOTP Baseball 16.8 Build 38